 Dungeon Crawl Stone Soup version 0.31-a0-325-g067879e3d3 (webtiles) character file.

Game seed: 8883505916356898669

3033 Dittersdorf the Fighter (level 9, -3/59 HPs)
             Began as a Gargoyle Fighter on July 18, 2023.
             Was a Believer of Okawaru.
             Slain by a polar bear (7 damage)
             ... on level 8 of the Dungeon.
             The game lasted 00:10:11 (6650 turns).

Dittersdorf the Fighter (Gargoyle Fighter)          Turns: 6650, Time: 00:10:12

Health: -3/59      AC: 17    Str: 24    XL:     9   Next: 86%
Magic:  9/9        EV:  9    Int:  9    God:    Okawaru [**....]
Gold:   421        SH:  6    Dex:  9    Spells: 8/8 levels left

rFire   + . .        v - +2 whip (flame)
rCold   + . .        c - +1 buckler
rNeg    + . .        b - +0 scale mail
rPois   ∞            s - +0 helmet
rElec   +            l - scarf {rC+ rF+}
rCorr   .            j - +0 pair of gloves
SInv    .            (no boots)
Will    .....        p - amulet of the acrobat Stlth
                     (no ring)
HPRegen 0.29/turn    (no ring)
MPRegen 0.11/turn

%: acrobat
@: no status effects
A: sickness immunity, AC +6, negative energy resistance 1, electricity
resistance, torment resistance 1, petrification resistance
a: Renounce Religion, Heroism


You were on level 8 of the Dungeon.
You worshipped Okawaru.
Okawaru was pleased with you.
You visited 2 branches of the dungeon, and saw 9 of its levels.

You collected 421 gold pieces.

Inventory:

Hand Weapons
 a - a +0 flail
 v - a +2 whip of flaming (weapon)
Missiles
 m - 2 curare-tipped darts (quivered)
Armour
 b - a +0 scale mail (worn)
 c - a +1 buckler (worn)
 j - a +0 pair of gloves (worn)
 l - a scarf of resistance (worn)
 s - a +0 helmet (worn)
Magical Staves
 q - a staff of earth
Jewellery
 p - an amulet of the acrobat (around neck)
 r - a ring of ice
Wands
 t - a wand of polymorph (7)
 w - a wand of paralysis (12)
 y - a wand of flame (22)
Scrolls
 g - a scroll of amnesia
 i - 4 scrolls of teleportation
 k - a scroll of fear
 n - a scroll of enchant weapon
Potions
 d - 3 potions of might
 e - 2 potions of heal wounds {unknown}
 f - 2 potions of degeneration {unknown}
 h - 5 potions of curing
 o - 2 potions of enlightenment
 u - a potion of ambrosia
 x - a potion of invisibility {unknown}
 z - a potion of resistance {unknown}


   Skills:
 + Level 8.1 Fighting
 + Level 7.0 Maces & Flails
 + Level 8.1 Armour
 + Level 8.0 Shields


You had 8 spell levels left.
You didn't know any spells.
Your spell library was empty.

Dungeon Overview and Level Annotations

Branches:
Dungeon (8/15)             Temple (1/1) D:7
   Lair: D:8-11

Altars:
Ashenzari
Cheibriados
Dithmenos
Elyvilon
Fedhas
Hepliaklqana
Kikubaaqudgha
Nemelex Xobeh
Okawaru
Ru
Sif Muna
Trog
Uskayaw
Vehumet
Wu Jian
Xom
Yredelemnul
Zin
The Shining One
Lugonu

Shops:
D:2 *   D:7 ((

Annotations:
D:7 2 transporters
D:8 Psyche


Innate Abilities, Weirdness & Mutations

You are immune to sickness and miasma.
Your stone body is resilient. (AC +6)
You are immune to poison.
You resist negative energy. (rN+)
You are resistant to electric shocks. (rElec)
You are resistant to unholy torment.
You are immune to petrification.


Message History

The orc warrior barely misses you.
You are too injured to fight recklessly!
You are too injured to fight recklessly!
You are too injured to fight recklessly!
You are too injured to fight recklessly!
The wolf completely misses you. The wolf barely misses you.
You closely miss the wolf.
The wolf is heavily wounded.
The wolf bites you.
* * * LOW HITPOINT WARNING * * *
The yak gores you but does no damage.
You miss the wolf.
The wolf is heavily wounded.
The wolf bites you but does no damage. The wolf closely misses you.
The yak closely misses you.
The polar bear bites you but does no damage.
You block the polar bear's attack.
The polar bear claws you but does no damage.
You hit the wolf. You burn the wolf.
The wolf is severely wounded.
You block the wolf's attack. x2; The wolf bites you but does no damage.
The wolf bites you.
* * * LOW HITPOINT WARNING * * *
You miss the wolf.
The wolf is severely wounded.
The polar bear bites you!
* * * LOW HITPOINT WARNING * * *
The polar bear claws you but does no damage.
You block the polar bear's attack. The yak gores you.
* * * LOW HITPOINT WARNING * * *
You hear some strange, mumbled words.
A swirling arc of seething chaos appears!
An arc of chaos appears from out of thin air!
The arc of chaos hits the yak. x2; The yak is drained!
The wolf bites you but does no damage. The wolf barely misses you.
You miss the wolf.
The wolf is severely wounded.
The wolf bites you but does no damage. The wolf misses you.
The polar bear bites you!
You die...

## #.# ########## ##
## #.##........# .#
#.###........#.# .#
#.#.##.#####..########
.# #.###.# #..........
.#####.#
#.#####.#########
.......# #~.#~.#h#
###.#### ......h@# #.#
....YYhY# #.#
.....ohY{..# #.#
....#YYok...... #..
.......D....### ...
.#...#......# ##.
##..##....... .. ...
.#......# ... .
.#..#..


You could see 2 polar bears, 4 yaks, a rime drake, a steam dragon, 2 ice beasts,
2 wolves and 2 orcs.

Vanquished Creatures
  Pikel (D:8)
  Grinder (D:2)
  Sigmund (D:3)
  4 yaks (D:6)
  A basilisk (D:7)
  2 water moccasins (D:7)
  An ice beast (D:8)
  2 black bears
  An ogre (D:6)
  A centaur (D:5)
  2 phantoms
  A lemure (D:8)
  2 bullfrogs (D:6)
  A howler monkey (D:5)
  2 orc priests (D:5)
  4 hounds
  A jelly (D:4)
  An iguana (D:6)
  2 orc wizards
  Natasha (twice) (D:2)
  13 adders
  2 white imps
  4 worms
  5 dart slugs
  11 orcs
  6 ball pythons
  4 bats
  6 endoplasms
  5 giant cockroaches
  8 goblins
  8 hobgoblins
  2 jackals (D:1)
  A quokka (D:2)
  2 frilled lizards (D:1)
  8 kobolds
  7 rats
125 creatures vanquished.

Notes
Turn   | Place    | Note
-------+----------+-------------------------------------------
     0 | D:1      | Dittersdorf the Gargoyle Fighter began the quest for the
                  | Orb.
     0 | D:1      | Reached XP level 1. HP: 14/14 MP: 1/1
   111 | D:1      | Reached XP level 2. HP: 13/19 MP: 2/2
   435 | D:1      | Reached XP level 3. HP: 23/23 MP: 3/3
  1296 | D:2      | Reached XP level 4. HP: 29/29 MP: 4/4
  1301 | D:2      | Noticed Natasha
  1308 | D:2      | Killed Natasha
  1467 | D:2      | Found Emij's Assorted Antiques.
  1541 | D:2      | Noticed Natasha
  1548 | D:2      | Killed Natasha
  1549 | D:2      | Reached XP level 5. HP: 31/33 MP: 5/5
  1730 | D:2      | Found a faded altar of an unknown god.
  1824 | D:3      | Noticed Grinder
  1830 | D:2      | Paralysed by Grinder for 2 turns
  1835 | D:2      | Paralysed by Grinder for 3 turns
  1841 | D:2      | Paralysed by Grinder for 5 turns
  1856 | D:2      | Killed Grinder
  1857 | D:2      | Reached XP level 6. HP: 22/40 MP: 6/6
  2347 | D:3      | Reached skill level 5 in Fighting
  2384 | D:3      | Noticed Sigmund
  2394 | D:3      | Killed Sigmund
  2395 | D:3      | Reached skill level 5 in Armour
  2395 | D:3      | Reached skill level 5 in Shields
  2395 | D:3      | Reached XP level 7. HP: 44/44 MP: 7/7
  2738 | D:3      | Found a blossoming altar of Fedhas.
  3632 | D:5      | Entered Level 5 of the Dungeon
  4031 | D:5      | Reached XP level 8. HP: 51/51 MP: 8/8
  4356 | D:5      | Reached skill level 5 in Maces & Flails
  5257 | D:7      | Found a staircase to the Ecumenical Temple.
  5266 | Temple   | Entered the Ecumenical Temple
  5285 | Temple   | Became a worshipper of Warmaster Okawaru
  5425 | D:7      | Found Zaexat's Weapon Boutique.
  5482 | D:7      | Noticed a yak
  5482 | D:7      | Noticed a yak
  5482 | D:7      | Noticed a yak
  5482 | D:7      | Noticed a yak
  5516 | D:6      | Killed a yak
  5517 | D:6      | Reached XP level 9. HP: 52/57 MP: 9/9
  5689 | D:7      | Reached * piety under Okawaru
  6126 | D:7      | Found Hobrem's Antique Weapon Emporium.
  6278 | D:7      | Found a transporter.
  6278 | D:7      | Noticed a green ugly thing
  6279 | D:7      | Found a corrupted altar of Lugonu.
  6279 | D:7      | Noticed a brown ugly thing
  6279 | D:7      | Noticed a brown ugly thing
  6322 | D:7      | Found a transporter.
  6468 | D:8      | Noticed Pikel
  6496 | D:8      | Killed Pikel
  6496 | D:8      | Reached ** piety under Okawaru
  6631 | D:8      | Noticed a polar bear
  6635 | D:8      | Noticed a polar bear
  6635 | D:8      | Noticed Psyche
  6637 | D:8      | Noticed a rime drake
  6650 | D:8      | Slain by a polar bear

Illustrated notes

Levels and vault maps discovered:
D:1:      psy_arrival_radial02, layout_loops_ring, minmay_tromino_i2
D:2:      layout_rooms, nicolae_ecumenical_lake_church, serial_shops, shop,
          serial_bayou, serial_bayou_crossing, serial_bayou_pond_d,
          serial_bayou_shore_b, serial_bayou_lagoon_a, uniq_natasha
D:3:      kennysheep_six_static_rooms, layout_loops_cross,
          general_overflow_altar, uniq_grinder, uniq_sigmund
D:4:      minmay_recursive_quarters, layout_basic
D:5:      layout_loops_ring
D:6:      layout_rooms
D:7:      gammafunk_corrupted_shrine, layout_loops_ring,
          minmay_temple_entry_gardened_gates, serial_shops,
          nicolae_shop_bloodbath_and_beyond, nicolae_inconvenience_store
D:8:      layout_loops_ring, mainiacjoe_overflow_alcove_4,
          hellmonk_lair_entry_icy, uniq_pikel, uniq_psyche, uniq_maurice,
          uniq_joseph
Temple:   mainiacjoe_temple_bowtie_tessellation

Skill      XL: |  1  2  3  4  5  6  7  8  9 |
---------------+----------------------------+-----
Fighting       | 4 5 7 8 |  8.1
Armour         | 4 5 6 8 |  8.1
Shields        | 4 5 6 8 |  8.0
Maces & Flails | 3 4 5 7 |  7.0

Action                     |  1- 3 |  4- 6 |  7- 9 || total
---------------------------+-------+-------+-------++-------
  Melee: Flail             |   137 |   121 |   378 ||   636
         Whip              |       |       |    18 ||    18
  Throw: Dart              |       |     4 |     1 ||     5
    Use: Scroll            |       |       |    13 ||    13
 Armour: Scale mail        |    94 |    85 |   252 ||   431
  Dodge: Dodged            |    82 |    64 |   186 ||   332
  Block: Buckler           |    18 |    21 |   114 ||   153

Table legend: (Time is in decaauts)
 A = Elapsed time spent in this place.
 B = Non-inter-level travel time spent in this place.
 C = Inter-level travel time spent in this place.
 D = Time resting spent in this place.
 E = Time spent auto-exploring this place.
 F = Levels seen in this place.
 G = Mean time per level.
                   A        B        C        D        E       F      G
               +--------+--------+--------+--------+--------+-----+--------+
         Total |   6814 |   6470 |    344 |    383 |   4628 |   9 |  757.1 |
       Dungeon |   6776 |   6465 |    311 |    383 |   4628 |   8 |  847.0 |
        Temple |     37 |      4 |     33 |      0 |      0 |   1 |   37.0 |
               +--------+--------+--------+--------+--------+-----+--------+

Top non-repeatable levels by time:
     D:2: 1097 daAuts
     D:1: 1030 daAuts
     D:7: 994 daAuts
     D:4: 973 daAuts
     D:6: 902 daAuts
     D:5: 794 daAuts
     D:3: 778 daAuts
     D:8: 204 daAuts
  Temple: 37 daAuts
